 Dungeon Crawl Stone Soup version 0.26.1-11-gd32895ea62 (webtiles) character file.

Game seed: 1348922476462971637

2653 tagout77 the Cleaver (level 9, -3/79 HPs)
             Began as a Minotaur Berserker on May 23, 2021.
             Was a High Priest of Trog.
             Slain by an unseen horror (6 damage)
             ... on level 8 of the Dungeon on May 28, 2021.
             The game lasted 00:36:45 (9366 turns).

tagout77 the Cleaver (Minotaur Berserker)           Turns: 9366, Time: 00:36:46

Health: -3/79      AC: 14    Str: 24    XL:     9   Next: 36%
Magic:  8/8        EV:  7    Int:  0    God:    Trog [*****.]
Gold:   451        SH:  6    Dex: 17    Spells: 8/8 levels left

rFire    + . .     SeeInvis .   P - +0 war axe
rCold    . . .     Faith    +   o - +2 buckler {rF+}
rNeg     . . .     Spirit   .   F - +0 plate armour
rPois    .         Reflect  .   (helmet restricted)
rElec    .         Harm     .   (no cloak)
rCorr    .         Rampage  .   (no gloves)
Will     .....                  V - +0 pair of boots
Stlth    ..........             d - amulet of faith
HPRegen  0.23/turn              q - -4 ring of intelligence (curse)
MPRegen  0.11/turn              U - +6 ring of dexterity

@: slowed, lost intelligence, very slow
A: retaliatory headbutt, horns 2
a: Renounce Religion, Berserk, Trog's Hand, Brothers in Arms


You were on level 8 of the Dungeon.
You worshipped Trog.
Trog was extremely pleased with you.
You visited 1 branch of the dungeon, and saw 8 of its levels.

You collected 451 gold pieces.

Inventory:

Hand Weapons
 a - a +0 morningstar
 l - a +3 dagger
 r - a +0 battleaxe
 s - a +0 broad axe
 w - a +1 hand axe of flaming
 E - a +0 long sword
 H - a +0 short sword of venom
 N - a +2 morningstar of freezing
 P - a +0 war axe (weapon)
Missiles
 e - 199 stones
 y - 8 boomerangs
Armour
 b - a +0 animal skin
 c - a +0 ring mail
 f - a +0 helmet
 o - a +2 buckler of fire resistance (worn)
 p - +0 steam dragon scales
 F - a +0 plate armour (worn)
 V - a +0 pair of boots (worn)
 X - a +1 hat of willpower
Jewellery
 d - an amulet of faith (around neck)
 q - a cursed -4 ring of intelligence (left hand)
 D - a +4 ring of protection {unknown}
 T - an uncursed ring of see invisible
 U - a +6 ring of dexterity (right hand)
Wands
 t - a wand of flame (18) (quivered)
 C - a wand of paralysis (11)
Scrolls
 g - 4 scrolls of teleportation
 i - a scroll of fog {unknown}
 m - a scroll of enchant weapon
 n - 4 scrolls of remove curse
 v - 4 scrolls of identify {unknown}
 z - 2 scrolls of immolation {unknown}
 A - 2 scrolls of enchant armour {unknown}
 B - a scroll of blinking
 G - a scroll of random uselessness {unknown}
 K - 3 scrolls of magic mapping
 L - a scroll of amnesia
 M - 3 scrolls of fear {unknown}
 Z - a scroll of acquirement {unknown}
Potions
 h - a potion of invisibility {unknown}
 j - a potion of flight {unknown}
 k - 2 potions of curing
 u - a potion of resistance {unknown}
 x - a potion of haste {unknown}
 I - a potion of berserk rage {unknown}
 J - 2 potions of mutation {unknown}
 Q - a potion of brilliance {unknown}
 R - a potion of heal wounds {unknown}
 S - a potion of might {unknown}
 Y - 2 potions of lignification {unknown}


   Skills:
 + Level 7.1 Fighting
 + Level 11.2(11.7) Axes
 + Level 5.8(9.3) Maces & Flails
 + Level 6.4 Armour
 - Level 2.2 Dodging
 + Level 2.0 Evocations


You had 8 spell levels left.
You didn't know any spells.
Your spell library contained the following spells:

 Spells                   Type           Power        Failure   Level
 Animate Skeleton         Necr           0%           100%        1
 Apportation              Tloc           0%           100%        1
 Corona                   Hex            0%           100%        1
 Summon Small Mammal      Summ           0%           100%        1


Dungeon Overview and Level Annotations

Branches:
Dungeon (8/15)             Temple (0/1) D:7
   Lair: D:8-11

Altars:
Fedhas
Gozag
Kikubaaqudgha
Nemelex Xobeh
Okawaru
Qazlal
Ru
Zin


Innate Abilities, Weirdness & Mutations

You reflexively headbutt those who attack you in melee.
You have a pair of horns on your head.


Message History

* * * LOW HITPOINT WARNING * * *
Something hits you but does no damage. x2
Something hits you but does no damage.
You closely miss something. Your headbutt misses something.
Something hits you but does no damage. Something hits you but does no damage.
You block something's attack. Something hits you but does no damage.
Something hits you but does no damage. Something hits you.
* * * LOW HITPOINT WARNING * * *
A worker ant comes into view.
Something hits you!
* * * LOW HITPOINT WARNING * * *
Something hits you but does no damage.
Something hits you but does no damage. x2
Something hits you!
* * * LOW HITPOINT WARNING * * *
You block the worker ant's attack.
The worker ant bites you but does no damage.
Something hits you.
You die...

.##.. #########..).#..####
#...)..............
#...#######.......#### ##
#...#### .......# ...
#####....# #...... ..##
......##...#######...###.....
.......###......@B#....(..##.
........#####................
........# #......##......##
........#####....†###........
.............................
........#####†....#.......##.
.......## #.......#.#####
....>.## ##......#..# #######
#....$.##...


You could see a worker ant.

Vanquished Creatures
  Maggie (D:7)
  Menkaure (D:7)
  A water moccasin (D:8)
  2 orc warriors
  A sky beast (D:6)
  3 ice beasts
  A phantom (D:6)
  3 ogres
  A centaur (D:6)
  A bullfrog (D:6)
  A scorpion (D:6)
  A water moccasin skeleton (D:7)
  2 howler monkeys
  3 hounds
  3 orc priests
  An iguana (D:7)
  Natasha (thrice) (D:2)
  5 orc wizards
  6 worker ants
  A killer bee zombie (D:7)
  A hound zombie (D:5)
  2 worker ant zombies
  3 gnolls (D:7)
  9 adders
  A shadow imp (D:7)
  2 white imps (D:6)
  3 ufetubi
  An adder skeleton (D:4)
  4 worms
  2 dart slugs
  6 leopard geckos
  45 orcs
  4 bats
  8 giant cockroaches
  10 goblins
  7 hobgoblins
  5 jackals
  6 quokkas
  3 ball pythons
  3 frilled lizards
  A jackal skeleton (D:6)
  5 kobolds
  A quokka skeleton (D:7)
  12 rats
185 creatures vanquished.

Notes
Turn   | Place    | Note
-------+----------+-------------------------------------------
     0 | D:1      | tagout77 the Minotaur Berserker began the quest for the
                  | Orb.
     0 | D:1      | Reached XP level 1. HP: 19/19 MP: 0/0
   278 | D:1      | Reached skill level 4 in Axes
   370 | D:1      | Reached XP level 2. HP: 27/27 MP: 1/1
  1144 | D:2      | Reached skill level 5 in Axes
  1145 | D:2      | Reached XP level 3. HP: 33/33 MP: 2/2
  1157 | D:2      | Noticed Natasha
  1160 | D:2      | Killed Natasha
  1259 | D:2      | Reached ** piety under Trog
  1524 | D:2      | Reached XP level 4. HP: 37/40 MP: 3/3
  1616 | D:2      | Noticed Natasha
  1631 | D:2      | Killed Natasha
  1632 | D:2      | Reached skill level 6 in Axes
  1670 | D:2      | Noticed Natasha
  1681 | D:2      | Killed Natasha
  1972 | D:2      | Found a glowing silver altar of Zin.
  1972 | D:2      | Found a blossoming altar of Fedhas.
  1981 | D:2      | Found a sparkling altar of Nemelex Xobeh.
  2355 | D:3      | Reached XP level 5. HP: 46/46 MP: 4/4
  2379 | D:3      | Reached skill level 7 in Axes
  3238 | D:3      | Reached skill level 8 in Axes
  3353 | D:3      | Reached *** piety under Trog
  3359 | D:3      | Reached XP level 6. HP: 52/52 MP: 5/5
  3809 | D:4      | Found a sacrificial altar of Ru.
  4174 | D:4      | Reached skill level 9 in Axes
  4626 | D:4      | Reached XP level 7. HP: 58/58 MP: 6/6
  5089 | D:5      | Entered Level 5 of the Dungeon
  5113 | D:5      | Got a dazzling leather armour
  5231 | D:5      | Reached skill level 1 in Maces & Flails
  5533 | D:5      | Reached skill level 10 in Axes
  5639 | D:5      | Found an iron altar of Okawaru.
  5639 | D:5      | Found an opulent altar of Gozag.
  6259 | D:6      | Reached XP level 8. HP: 52/67 MP: 7/7
  6355 | D:6      | Reached **** piety under Trog
  6368 | D:6      | Reached skill level 5 in Fighting
  7086 | D:6      | Reached skill level 5 in Armour
  7417 | D:7      | Noticed Maggie
  7436 | D:7      | Killed Maggie
  7437 | D:7      | Reached skill level 5 in Maces & Flails
  7608 | D:7      | Found an ancient bone altar of Kikubaaqudgha.
  7649 | D:7      | Lost intelligence.
  7681 | D:7      | Found a staircase to the Ecumenical Temple.
  7997 | D:7      | Reached XP level 9. HP: 74/78 MP: 8/8
  8048 | D:7      | Reached ***** piety under Trog
  8196 | D:7      | Reached skill level 11 in Axes
  8196 | D:7      | Reached skill level 1 in Evocations
  8512 | D:7      | Found a stormy altar of Qazlal.
  8595 | D:7      | Noticed Menkaure
  8600 | D:7      | Killed Menkaure
  9365 | D:8      | HP: 3/79 [something (7)]
  9366 | D:8      | Slain by an unseen horror

Illustrated notes

Levels and vault maps discovered:
D:1:      minmay_arrival_semitransparent, layout_basic, serial_forest,
          infiniplex_forest_corner_2, infiniplex_forest_clump_small,
          infiniplex_forest_clump_double, infiniplex_forest_lined_3_way,
          infiniplex_forest_lined_3, infiniplex_forest_diagonal
D:2:      layout_basic, gammafunk_temple_overflow_claw,
          minmay_worlds_worst_comb, uniq_natasha
D:3:      layout_basic
D:4:      minmay_chambers_of_twos, layout_cave_pods,
          nicolae_ru_sacrificial_ziggurat
D:5:      layout_basic, gammafunk_temple_overflow_wave
D:6:      layout_loops_corners, minmay_door_square
D:7:      layout_gridville, kiku_gazebo_pond_becter,
          minmay_temple_entry_stoned_glass, chequers_serial_rivers_small_3,
          minmay_misc_feat_pillars, nicolae_qazlal_general_emergency,
          uniq_maggie, uniq_menkaure
D:8:      layout_rooms

Skill      XL: |  1  2  3  4  5  6  7  8  9 |
---------------+----------------------------+-----
Axes           | 4 5 6 8 9 10 11 | 11.2
Fighting       | 4 6 7 |  7.1
Maces & Flails | 2 5 |  5.8
Armour         | 3 5 6 |  6.4
Evocations     | 2 |  2.0
Dodging        | |  2.2

Action                   |  1- 3 |  4- 6 |  7- 9 || total
-------------------------+-------+-------+-------++-------
Melee: Hand axe          |    60 |   164 |    11 ||   235
       Headbutt          |    10 |    26 |    52 ||    88
       War axe           |       |       |   161 ||   161
       Morningstar       |       |       |    18 ||    18
Invok: Berserk           |     1 |     4 |     2 ||     7
  Use: Scroll            |       |       |     6 ||     6
       Potion            |       |       |     1 ||     1
 Stab: Distracted        |     1 |       |       ||     1
Armor: Ring mail         |    23 |       |       ||    23
       Animal skin       |     1 |       |       ||     1
       Scale mail        |     5 |    45 |       ||    50
       Plate armour      |       |    35 |   157 ||   192
Dodge: Dodged            |    40 |    84 |    78 ||   202
Block: Buckler           |       |       |    18 ||    18
